 Dungeon Crawl Stone Soup version 0.22-a0-162-g33bf127 (webtiles) character file.

47 Amnesiac the Magician (level 3, -2/24 HPs)
             Began as a Mummy Earth Elementalist on Feb 12, 2018.
             Slain by an adder (4 damage)
             ... on level 2 of the Dungeon.
             The game lasted 00:03:00 (1212 turns).

Amnesiac the Magician (Mummy Earth Elementalist)    Turns: 1212, Time: 00:03:01

Health: -2/24      AC:  2    Str: 11    XL:     3   Next: 48%
Magic:  7/7        EV: 12    Int: 15    God:
Gold:   7          SH:  0    Dex: 12    Spells: 5/8 levels left

rFire    x . .     SeeInvis .   j - +0 dagger (protect)
rCold    + . .     Gourm    .   (no shield)
rNeg     + + +     Faith    .   c - +0 robe
rPois    ∞         Spirit   .   (no helmet)
rElec    .         Reflect  .   (no cloak)
rCorr    +         Harm     .   (no gloves)
MR       .....                  (no boots)
Stlth    ++........             (no amulet)
HPRegen  0.08/turn              h - ring of resist corrosion
MPRegen  0.10/turn              (no ring)

@: no status effects
A: no food or potions, fire vulnerability, cold resistance 1, negative energy
resistance 3, torment resistance, unbreathing
a: no special abilities


You were on level 2 of the Dungeon.
You were not hungry.

You visited 1 branch of the dungeon, and saw 3 of its levels.

You collected 7 gold pieces.

Inventory:

Hand Weapons
 j - a +0 dagger of protection (weapon)
Missiles
 i - 2 needles of confusion
Armour
 c - a +0 robe (worn)
Jewellery
 h - a ring of resist corrosion (left hand)
Scrolls
 a - a scroll of magic mapping {!r}
 e - a scroll of remove curse {!r, unknown}
 g - a scroll of identify {!r, unknown}
Books
 d - a book of Geomancy

   Spells                             Type                      Level
   a - Sandblast                      Earth                        1
   b - Passwall                       Transmutation/Earth          2
   c - Stone Arrow                    Conjuration/Earth            3
   d - Petrify                        Transmutation/Earth          4
   e - Lee's Rapid Deconstruction     Earth                        5


   Skills:
 - Level 1.5 Dodging
 - Level 1.5 Stealth
 - Level 3.0 Spellcasting
 + Level 2.1 Transmutations
 - Level 3.0 Earth Magic


You had 5 spell levels left.
You knew the following spells:

 Your Spells              Type           Power        Failure   Level  Hunger
a - Sandblast             Erth           ##....       6%          1    N/A
b - Passwall              Tmut/Erth      #.........   11%         2    N/A

Dungeon Overview and Level Annotations

Branches:
Dungeon (3/15)

Altars:

Annotations:
D:1 exclusion: downstairs


Innate Abilities, Weirdness & Mutations

You do not eat or drink.
Your flesh is vulnerable to fire.
You are immune to poison.
Your flesh is cold resistant. (rC+)
You are immune to negative energy. (rN+++)
You are immune to unholy pain and torment.
You can survive without breathing.


Message History

The adder misses you.
You hit the adder.
You kill the adder!
Your Transmutations skill increases to level 2!
You barely miss the kobold. The kobold hits you but does no damage.
You closely miss the kobold. The kobold closely misses you.
You hit the kobold but do no damage. The kobold barely misses you.
You hit the kobold.
You kill the kobold!
You hit the adder but do no damage. The adder barely misses you.
The adder misses you.
You closely miss the adder. The adder closely misses you.
You completely miss the adder. The adder bites you but does no damage.
You closely miss the adder. The adder misses you.
The adder bites you but does no damage.
You closely miss the adder. The adder bites you.
* * * LOW HITPOINT WARNING * * *
You miss the adder. The adder misses you.
You closely miss the adder. The adder closely misses you.
You miss the adder. The adder closely misses you. The adder bites you.
* * * LOW HITPOINT WARNING * * *
You barely miss the adder. The adder barely misses you.
You barely miss the adder. The adder misses you.
You barely miss the adder. The adder closely misses you. The adder bites you.
* * * LOW HITPOINT WARNING * * *
You miss the adder. The adder bites you but does no damage.
You miss the adder. The adder barely misses you.
You hit the adder but do no damage.
Your weapon exudes an aura of protection.
The adder barely misses you. The adder closely misses you.
You closely miss the adder. The adder bites you but does no damage.
You hit the adder but do no damage. The adder bites you.
* * * LOW HITPOINT WARNING * * *
You hit the adder.
The adder is moderately wounded.
The adder closely misses you.
You miss the adder.
The adder is moderately wounded.
The adder bites you.
* * * LOW HITPOINT WARNING * * *
The adder bites you but does no damage.
You hit the adder but do no damage.
The adder is moderately wounded.
The adder bites you but does no damage.
You barely miss the adder.
The adder is moderately wounded.
The adder misses you.
Okay, then.
Really read
a - 2 scrolls labeled VEBIEPLIAFI {!r}? [Y]es or [N]o only, please.
Really read
a - 2 scrolls labeled VEBIEPLIAFI {!r}?
Okay, then.
Unknown command.
You miss the adder.
The adder is moderately wounded.
The adder misses you. The adder closely misses you.
You miss the adder.
The adder is moderately wounded.
The adder bites you but does no damage.
Really read
a - 2 scrolls labeled VEBIEPLIAFI {!r}?
As you read the scroll labeled VEBIEPLIAFI {!r}, it crumbles to dust.
You feel aware of your surroundings.
You sensed 3 altars.
It was a scroll of magic mapping {!r}.
The adder bites you.
You die...

#.# #.#**************,* *,* ..#
#.# *,* *,* ### #.# *,* *,****
#.# *,* *,,,,, #####.###### *,*
*****, .......K.K.# *,* *,
#####.####.# *,* *,
......####.##########.##********,
...............S@.......,,,,,,,,,
.....#####..#########.##********.
.....* ##.# *,* *. .....* #.#*
*,* *# ....S* #..* *,* * .....*
##.* *****,**** * ,,,,,* *.#
*,,,,,,,,* *** ****** *.#
*,,,,,,,,* *,, ***** *,**
*,,,,,,,,* *,*


You could see an adder.

Vanquished Creatures
  2 adders
  An ooze (D:1)
  5 orcs
  A giant cockroach (D:1)
  5 goblins (D:1)
  2 bats (D:1)
  A frilled lizard (D:2)
  2 kobolds
  A rat (D:1)
20 creatures vanquished.

Notes
Turn   | Place    | Note
-------+----------+-------------------------------------------
     0 | D:1      | Amnesiac the Mummy Earth Elementalist began the quest for the Orb.
     0 | D:1      | Reached XP level 1. HP: 13/13 MP: 4/4
   121 | D:1      | Reached XP level 2. HP: 19/19 MP: 2/5
   154 | D:1      | Learned a level 2 spell: Passwall
   324 | D:1      | Reached skill level 1 in Transmutations
   664 | D:2      | Reached XP level 3. HP: 9/24 MP: 1/7
  1212 | D:2      | Slain by an adder

Vault maps used:
D:1:      dpeg_arrival_renting
D:2:      grunt_temple_overflow_diamond, first_ration, dk_noncrumbling_4
D:3:      bloody_makhleb, hangedman_decor_lopped

Skill      XL: |  1  2  3 |
---------------+----------+-----
Spellcasting   | 3 |  3.0
Earth Magic    | 3 |  3.0
Transmutations | 1 2 |  2.1
Dodging        | |  1.5
Stealth        | |  1.5

Action                   || total
-------------------------++-------
Melee: Dagger            ||   123
       Unarmed           ||     9
 Cast: Sandblast         ||    30
  Use: Scroll            ||     1
 Stab: Sleeping          ||     1
Armor: Robe              ||    38
Dodge: Dodged            ||    87

Table legend:
 A = Spawn XP
 B = Non-spawn XP
 C = Spawn XP percentage of total XP
 D = Spawn monster count
 E = Non-spawn monster count
 F = Spawn count percentage of total count
 G = Total turns spent on level
                    A         B        C        D         E        F      G
               +---------+---------+-------+---------+---------+-------+---------
         Total |       0 |      68 |   0.0 |       0 |      20 |   0.0 |  1212
               +---------+---------+-------+---------+---------+-------+---------
           D:1 |       0 |      24 |   0.0 |       0 |      11 |   0.0 |   507
           D:2 |       0 |      24 |   0.0 |       0 |       6 |   0.0 |   340
           D:3 |       0 |      20 |   0.0 |       0 |       3 |   0.0 |   365
               +---------+---------+-------+---------+---------+-------+---------
